 Dungeon Crawl Stone Soup version 0.23.2-40-g277498a001 (webtiles) character file.

Game seed: 11504790176132081688

125 FishyPogo the Skirmisher (level 5, 0/42 HPs)
             Began as a Ghoul Monk on Aug 14, 2019.
             Was a Believer of Hepliaklqana.
             Slain by a quokka (4 damage)
             ... on level 3 of the Dungeon.
             The game lasted 00:05:17 (1593 turns).

FishyPogo the Skirmisher (Ghoul Monk)               Turns: 1593, Time: 00:05:17

Health: 0/42       AC:  2    Str: 16    XL:     5   Next: 9%
Magic:  4/4        EV: 13    Int:  5    God:    Hepliaklqana [**....]
Gold:   140        SH:  0    Dex: 11    Spells: 4/4 levels left

rFire    . . .     SeeInvis .     - Unarmed
rCold    + . .     Gourm    .   (no shield)
rNeg     + + +     Faith    .   a - +0 robe
rPois    ∞         Spirit   .   (no helmet)
rElec    .         Reflect  .   (no cloak)
rCorr    .         Harm     .   (no gloves)
MR       .....                  (no boots)
Stlth    ++........             (no amulet)
HPRegen  0.00/turn              (no ring)
MPRegen  0.09/turn              (no ring)

@: rotting
A: rotting body, reduced essence, claws 1, carnivore, cold resistance 1,
negative energy resistance 3, inhibited regeneration, torment resistance,
unbreathing
a: Recall Ancestor, Ancestor Identity, Renounce Religion


You were on level 3 of the Dungeon.
You worshipped Hepliaklqana.
Hepliaklqana was pleased with you.
You were not hungry.

You visited 1 branch of the dungeon, and saw 3 of its levels.

You collected 140 gold pieces.

Inventory:

Armour
 a - a +0 robe (worn)
Scrolls
 c - a scroll of fear {unknown}
 f - 2 scrolls of teleportation {unknown}
 g - 4 scrolls of identify {unknown}
 i - 2 scrolls of remove curse {unknown}
Potions
 d - a potion of ambrosia {unknown}
 e - a potion of agility
 h - 2 potions of curing {unknown}
 j - a potion of brilliance {unknown}
 k - a potion of heal wounds {unknown}
Comestibles
 b - 5 rations
 l - 2 chunks of flesh


   Skills:
 + Level 4.5 Fighting
 + Level 3.5 Dodging
 - Level 2.2 Stealth
 + Level 4.4 Unarmed Combat


You had 4 spell levels left.
You didn't know any spells.
Your spell library was empty.

Dungeon Overview and Level Annotations

Branches:
Dungeon (3/15)

Altars:
Hepliaklqana

Annotations:
D:3 Grinder


Innate Abilities, Weirdness & Mutations

Your body is rotting away.
You thrive on raw meat.
You are immune to poison.
You have sharp fingernails.
You are carnivorous and can eat meat at any time.
Your flesh is cold resistant. (rC+)
You are immune to negative energy. (rN+++)
You do not regenerate when monsters are visible.
You are immune to unholy pain and torment.
You can survive without breathing.
Your life essence is reduced to manifest your ancestor. (-10% HP)


Message History

Grinder appears confused.
Grinder hits you!
You scratch Grinder.
Grinder is heavily wounded.
Ku-aya hits Grinder with a +0 dagger of draining.
The quokka closely misses you.
Ku-aya hits the quokka with a +0 dagger of draining.
The quokka barely misses you.
You closely miss the quokka.
The quokka is almost dead.
Ku-aya barely misses the quokka.
The quokka barely misses you.
You closely miss the quokka.
The quokka is almost dead.
Ku-aya misses the quokka.
The quokka bites you.
You barely miss Grinder.
Grinder is severely wounded.
Grinder hits you!
* * * LOW HITPOINT WARNING * * *
The quokka bites you.
You die...

##..........
##.[.........
#............
#............ #....
#.......%....
#....##..[.........
#....##...r5.......
#....##..R.@.......
#....###............
#....# ##..!........
#....####.####.#...
#......##.#....#.##
#...R#............
#....##...###...#
###.##..#####.###
#.##÷.....<.####.


You could see the friendly Ku-aya the hexer, Grinder (confused) and a quokka.

Vanquished Creatures
  A hound (D:2)
  An adder (D:2)
  An ooze (D:2)
  4 leopard geckos
  3 giant cockroaches (D:1)
  4 goblins (D:1)
  5 hobgoblins
  A quokka (D:3)
  2 ball pythons
  8 bats
  A frilled lizard (D:3)
  3 kobolds
  5 rats
39 creatures vanquished.

Vanquished Creatures (collateral kills)
  A bullfrog zombie (D:3)
  An ooze (D:2)
  A dart slug (D:2)
  A bat (D:3)
  A rat (D:2)
5 creatures vanquished.

Grand Total: 44 creatures vanquished

Notes
Turn   | Place    | Note
-------+----------+-------------------------------------------
     0 | D:1      | FishyPogo the Ghoul Monk began the quest for the Orb.
     0 | D:1      | Reached XP level 1. HP: 19/19 MP: 0/0
    73 | D:1      | Reached XP level 2. HP: 17/26 MP: 1/1
   479 | D:1      | Reached XP level 3. HP: 13/33 MP: 2/2
  1283 | D:2      | Found a hazy altar of Hepliaklqana.
  1286 | D:2      | Became a worshipper of Hepliaklqana the Forgotten
  1286 | D:2      | Reached * piety under Hepliaklqana
  1286 | D:2      | Reached ** piety under Hepliaklqana
  1390 | D:2      | Reached XP level 4. HP: 21/35 MP: 3/3
  1401 | D:2      | Remembered your ancestor Ku-aya as a hexer
  1551 | D:3      | Reached XP level 5. HP: 24/42 MP: 4/4
  1580 | D:3      | Noticed Grinder
  1593 | D:3      | Slain by a quokka

Skill      XL: |  1  2  3 |
---------------+----------+-----
Dodging        | 3 |  3.5
Fighting       | 4 |  4.5
Unarmed Combat | 4 |  4.4
Stealth        | |  2.2

Action                   |  1- 3 |  4- 6 || total
-------------------------+-------+-------++-------
Melee: Unarmed           |   105 |    25 ||   130
       Punch             |     1 |     2 ||     3
Invok: Ancestor Life: He |       |     1 ||     1
 Stab: Sleeping          |     5 |     2 ||     7
  Eat: Chunk             |    13 |     2 ||    15
Armor: Robe              |    13 |     2 ||    15
Dodge: Dodged            |    77 |    15 ||    92
